WIN
CHICAGO (WIN) WHITE SOX @ SAN FRANCISCO (WIN) GIANTS
11/26/2045
 
TOP OF THE 1ST
Chicago (WIN) White Sox batting - Pitching for San Francisco (WIN) Giants : RHP George Kellum
Pitching: RHP George Kellum
Batting: LHB Alberto Carrasco 0-0: Called Strike
0-1: Ball
1-1: Foul Ball, location: 2F
1-2: Fly out, F3 (Line Drive, 3L, EV 71.9 MPH)
Batting: RHB Mike Warzecha 0-0: Called Strike
0-1: Ball
1-1: Ball
2-1: Ball
3-1: Base on Balls
Batting: LHB Wes Goscinski 0-0: Ball
1-0: Ball
2-0: Fly out, F7 (Line Drive, 7S, EV 100.0 MPH)
Batting: LHB Brandon Hopper 0-0: Foul Ball, location: 2F
0-1: SINGLE (Groundball, 34D, EV 103.1 MPH)
Mike Warzecha to second
Runner from 2nd tries for 3rd, SAFE, throw by RF made to third
Batting: SHB In-sung Lee 0-0: Ball
1-0: Foul Ball, location: 2F
1-1: Swinging Strike
1-2: Fly out, F7 (Flyball, 7LSF, EV 85.6 MPH)
Top of the 1st over - 0 runs, 1 hit, 0 errors, 2 left on base; Chicago (WIN) 0 - San Francisco (WIN) 0
BOTTOM OF THE 1ST
San Francisco (WIN) Giants batting - Pitching for Chicago (WIN) White Sox : LHP Mario Castro
Pitching: LHP Mario Castro
Batting: RHB Bill Defazio 0-0: Foul Ball, location: 2F
0-1: Ground out 5-3 (Groundball, 56S, EV 88.8 MPH)
Batting: LHB Tony Galvan 0-0: SINGLE (Line Drive, 9S, EV 92.5 MPH)
Batting: RHB Miguel Gonzalez 0-0: Called Strike
0-1: Called Strike
0-2: Ball
1-2: Strikes out swinging
Batting: RHB Chris King 0-0: Ball
1-0: Foul Ball, location: 2F
1-1: Called Strike
1-2: Strikes out swinging
Bottom of the 1st over - 0 runs, 1 hit, 0 errors, 1 left on base; Chicago (WIN) 0 - San Francisco (WIN) 0
TOP OF THE 2ND
Chicago (WIN) White Sox batting - Pitching for San Francisco (WIN) Giants : RHP George Kellum
Batting: RHB Hector Padilla 0-0: Foul Ball, location: 2F
0-1: Called Strike
0-2: Foul Ball, location: 2F
0-2: Foul Ball, location: 2F
0-2: Ball
1-2: Foul Ball, location: 2F
1-2: SOLO HOME RUN (Flyball, 7D, EV 97.5 MPH), Distance : 383 ft
Batting: RHB Paul Lloyd 0-0: Ball
1-0: Ball
2-0: Foul Ball, location: 2F
2-1: Foul Ball, location: 2F
2-2: Ball
3-2: Foul Ball, location: 2F
3-2: Foul Ball, location: 2F
3-2: Ground out 1-3 (Groundball, 13S, EV 66.2 MPH)
Batting: RHB Jose Medina 0-0: Called Strike
0-1: Called Strike
0-2: Strikes out swinging
Batting: RHB Felix Torres 0-0: Called Strike
0-1: Ball
1-1: Foul Ball, location: 2F
1-2: Strikes out swinging
Top of the 2nd over - 1 run, 1 hit, 0 errors, 0 left on base; Chicago (WIN) 1 - San Francisco (WIN) 0
BOTTOM OF THE 2ND
San Francisco (WIN) Giants batting - Pitching for Chicago (WIN) White Sox : LHP Mario Castro
Batting: LHB Gabe Velez 0-0: Swinging Strike
0-1: Ball
1-1: Foul Ball, location: 2F
1-2: SINGLE (Line Drive, 7LM, EV 108.8 MPH)
Batting: RHB Dave Crouch 0-0: SINGLE (Line Drive, 6D, EV 95.0 MPH)
Gabe Velez to second
Batting: LHB Al Hernandez 0-0: Swinging Strike
0-1: Ball
Wild Pitch!
Gabe Velez to third
Dave Crouch to second
1-1: Ball
2-1: Swinging Strike
2-2: Strikes out looking
Batting: LHB Josh Straub 0-0: Foul Ball, location: 2F
0-1: Called Strike
0-2: Ball
1-2: SINGLE (Groundball, 56S, EV 76.2 MPH) (infield hit)
Gabe Velez scores
Dave Crouch to third
Batting: RHB Gabe Ochoa 0-0: Ball
Balk!
Dave Crouch scores
Josh Straub to second
1-0: Fly out, F9 (Flyball, 9D, EV 95.0 MPH)
Runner from 2nd tags up, SAFE at 3rd, no throw by RF
Batting: RHB Bill Defazio 0-0: Ball
Wild Pitch!
Josh Straub scores
1-0: Ball
2-0: Ball
3-0: Called Strike
3-1: Foul Ball, location: 2F
3-2: Strikes out looking
Bottom of the 2nd over - 3 runs, 3 hits, 0 errors, 0 left on base; Chicago (WIN) 1 - San Francisco (WIN) 3
TOP OF THE 3RD
Chicago (WIN) White Sox batting - Pitching for San Francisco (WIN) Giants : RHP George Kellum
Batting: LHB Alberto Carrasco 0-0: Called Strike
0-1: Ball
1-1: Ball
2-1: Ground out 5-3 (Groundball, 56, EV 86.2 MPH)
Batting: RHB Mike Warzecha 0-0: Ball
1-0: Hit by Pitch
Batting: LHB Wes Goscinski 0-0: Ball
1-0: Fly out, F8 (Line Drive, 8LD, EV 90.0 MPH)
Batting: LHB Brandon Hopper 0-0: Called Strike
0-1: Ball
1-1: Ball
2-1: Foul Ball, location: 2F
2-2: Ball
3-2: Strikes out swinging
Top of the 3rd over - 0 runs, 0 hits, 0 errors, 1 left on base; Chicago (WIN) 1 - San Francisco (WIN) 3
BOTTOM OF THE 3RD
San Francisco (WIN) Giants batting - Pitching for Chicago (WIN) White Sox : LHP Mario Castro
Batting: LHB Tony Galvan 0-0: Called Strike
0-1: Foul Ball, location: 2F
0-2: Ball
1-2: Ground out 1-3 (Groundball, 13S, EV 67.5 MPH)
Batting: RHB Miguel Gonzalez 0-0: Called Strike
0-1: Ball
1-1: Foul Ball, location: 2F
1-2: Foul Ball, location: 2F
1-2: Ground out 5-3 (Groundball, 56, EV 87.5 MPH)
Batting: RHB Chris King 0-0: Called Strike
0-1: Foul Ball, location: 2F
0-2: Ground out 6-3 (Groundball, 6, EV 103.8 MPH)
Bottom of the 3rd over - 0 runs, 0 hits, 0 errors, 0 left on base; Chicago (WIN) 1 - San Francisco (WIN) 3
TOP OF THE 4TH
Chicago (WIN) White Sox batting - Pitching for San Francisco (WIN) Giants : RHP George Kellum
Batting: SHB In-sung Lee 0-0: Ball
1-0: Called Strike
1-1: SOLO HOME RUN (Flyball, 9D, EV 99.4 MPH), Distance : 364 ft
Batting: RHB Hector Padilla 0-0: Ball
1-0: Ball
2-0: Called Strike
2-1: Ball
3-1: Fly out, F3 (Popup, 3SF, EV 83.8 MPH)
Batting: RHB Paul Lloyd 0-0: Ball
1-0: Swinging Strike
1-1: Ball
2-1: Foul Ball, location: 2F
2-2: Ball
3-2: Base on Balls
Batting: RHB Jose Medina 0-0: Called Strike
0-1: Foul Ball, location: 2F
0-2: Ball
1-2: Foul Ball, location: 2F
1-2: Ball
2-2: Ball
3-2: Foul Ball, location: 2F
3-2: Foul Ball, location: 2F
3-2: Strikes out swinging
Batting: RHB Felix Torres 0-0: Foul Ball, location: 2F
0-1: Ball
1-1: Foul Ball, location: 2F
1-2: Foul Ball, location: 2F
1-2: Ball
2-2: Fielders Choice at 2nd, 6-4 (Groundball, 6, EV 85.0 MPH)
Top of the 4th over - 1 run, 1 hit, 0 errors, 1 left on base; Chicago (WIN) 2 - San Francisco (WIN) 3
BOTTOM OF THE 4TH
San Francisco (WIN) Giants batting - Pitching for Chicago (WIN) White Sox : LHP Mario Castro
Batting: LHB Gabe Velez 0-0: Ball
1-0: Called Strike
1-1: Ball
2-1: Ball
3-1: Foul Ball, location: 2F
3-2: Foul Ball, location: 2F
3-2: SINGLE (Flyball, 6MD, EV 85.6 MPH)
Batting: RHB Dave Crouch 0-0: Called Strike
0-1: Fly out, F9 (Line Drive, 9S, EV 91.9 MPH)
Batting: LHB Al Hernandez 0-0: Foul Ball, location: 2F
0-1: Foul Ball, location: 2F
0-2: Foul Ball, location: 2F
0-2: Ball
1-2: Ball
2-2: Ball
3-2: Foul Ball, location: 2F
3-2: Foul Ball, location: 2F
3-2: SINGLE (Line Drive, 7S, EV 93.1 MPH)
Gabe Velez to second
Batting: LHB Josh Straub 0-0: Swinging Strike
0-1: Called Strike
0-2: Ball
1-2: Strikes out swinging
Batting: RHB Gabe Ochoa 0-0: Called Strike
0-1: SINGLE (Line Drive, 8RS, EV 93.1 MPH)
Gabe Velez to third
Al Hernandez to second
Batting: RHB Bill Defazio 0-0: Ball
1-0: Ball
2-0: Ball
3-0: Called Strike
3-1: Fly out, F8 (Flyball, 78M, EV 87.5 MPH)
Bottom of the 4th over - 0 runs, 3 hits, 0 errors, 3 left on base; Chicago (WIN) 2 - San Francisco (WIN) 3
TOP OF THE 5TH
Chicago (WIN) White Sox batting - Pitching for San Francisco (WIN) Giants : RHP George Kellum
Batting: LHB Alberto Carrasco 0-0: Swinging Strike
0-1: Hit by Pitch
Batting: RHB Mike Warzecha 0-0: Ball
1-0: Ball
2-0: Ball
3-0: Base on Balls
Alberto Carrasco to second
Batting: LHB Wes Goscinski 0-0: SINGLE (Groundball, 34D, EV 94.4 MPH)
Alberto Carrasco to third
Mike Warzecha to second
Batting: LHB Brandon Hopper 0-0: Foul Ball, location: 2F
0-1: Called Strike
0-2: Ball
1-2: Ball
2-2: Strikes out swinging
Pitching: RHP Josh Aronhalt
Batting: SHB In-sung Lee 0-0: Ball
1-0: Ball
2-0: Foul Ball, location: 2F
2-1: Ball
3-1: Called Strike
3-2: Foul Ball, location: 2F
3-2: Foul Ball, location: 2F
3-2: Base on Balls
Alberto Carrasco scores
Mike Warzecha to third
Wes Goscinski to second
Batting: RHB Hector Padilla 0-0: Called Strike
0-1: Foul Ball, location: 2F
0-2: Strikes out swinging
Batting: RHB Paul Lloyd 0-0: Ball
1-0: Ball
2-0: Ball
3-0: Base on Balls
Mike Warzecha scores
Wes Goscinski to third
In-sung Lee to second
Batting: RHB Jose Medina 0-0: Swinging Strike
0-1: Foul Ball, location: 2F
0-2: Ball
1-2: DOUBLE (Line Drive, 5D, EV 103.1 MPH)
Wes Goscinski scores
In-sung Lee scores
Paul Lloyd to third
Runner from 3rd tries for Home, SAFE, no throw by LF
Batting: RHB Felix Torres 0-0: Called Strike
0-1: Swinging Strike
0-2: Strikes out swinging
Top of the 5th over - 5 runs, 2 hits, 0 errors, 1 left on base; Chicago (WIN) 7 - San Francisco (WIN) 3
BOTTOM OF THE 5TH
San Francisco (WIN) Giants batting - Pitching for Chicago (WIN) White Sox : LHP Mario Castro
Batting: LHB Tony Galvan 0-0: Ground out 6-3 (Groundball, 6, EV 101.9 MPH)
Batting: RHB Miguel Gonzalez 0-0: Ball
1-0: Called Strike
1-1: Ball
2-1: Ball
3-1: Foul Ball, location: 2F
3-2: TRIPLE (Line Drive, 89XD, EV 103.1 MPH)
Batting: RHB Chris King 0-0: Called Strike
0-1: Called Strike
0-2: Strikes out swinging
Batting: LHB Gabe Velez 0-0: SINGLE (Groundball, 4MD, EV 105.0 MPH)
Miguel Gonzalez scores
Batting: RHB Dave Crouch 0-0: SINGLE (Flyball, 78S, EV 86.2 MPH)
Gabe Velez to second
Batting: LHB Al Hernandez 0-0: Ball
1-0: SINGLE (Line Drive, 7S, EV 102.5 MPH)
Gabe Velez to third
Dave Crouch to second
Batting: LHB Josh Straub 0-0: Ball
1-0: Foul Ball, location: 2F
1-1: Ball
2-1: Ball
3-1: Base on Balls
Gabe Velez scores
Dave Crouch to third
Al Hernandez to second
Pitching: RHP Yee Li
Pinch Hitting: LHB Jared Paige 0-0: Foul Ball, location: 2F
0-1: Foul Ball, location: 2F
0-2: Strikes out swinging
Bottom of the 5th over - 2 runs, 4 hits, 0 errors, 3 left on base; Chicago (WIN) 7 - San Francisco (WIN) 5
TOP OF THE 6TH
Chicago (WIN) White Sox batting - Pitching for San Francisco (WIN) Giants : RHP Josh Aronhalt
Now at 2B: Bill Defazio
Now at 3B: Davey Beeson
Now at SS: Miguel Gonzalez
Batting: LHB Alberto Carrasco 0-0: Ball
1-0: Fly out, F7 (Flyball, 7LM, EV 95.0 MPH)
Batting: RHB Mike Warzecha 0-0: Ball
1-0: Ball
2-0: Foul Ball, location: 2F
2-1: SINGLE (Popup, 34D, EV 62.5 MPH)
Batting: LHB Wes Goscinski 0-0: Called Strike
0-1: SINGLE (Line Drive, 6D, EV 98.1 MPH)
Mike Warzecha to second
Batting: LHB Brandon Hopper 0-0: Called Strike
0-1: Fly out, F8 (Flyball, 8LS, EV 77.5 MPH)
Batting: SHB In-sung Lee 0-0: Foul Ball, location: 2F
0-1: Foul Ball, location: 2F
0-2: Foul Ball, location: 2F
0-2: SINGLE (Groundball, P, EV 81.9 MPH) (infield hit)
Mike Warzecha to third
Wes Goscinski to second
Batting: RHB Hector Padilla 0-0: Ball
1-0: Ball
2-0: Ball
3-0: Called Strike
3-1: Called Strike
3-2: Strikes out swinging
Top of the 6th over - 0 runs, 3 hits, 0 errors, 3 left on base; Chicago (WIN) 7 - San Francisco (WIN) 5
BOTTOM OF THE 6TH
San Francisco (WIN) Giants batting - Pitching for Chicago (WIN) White Sox : RHP Yee Li
Batting: RHB Bill Defazio 0-0: Ball
1-0: Ground out 5-3 (Groundball, 5, EV 88.8 MPH)
Batting: LHB Tony Galvan 0-0: SINGLE (Line Drive, 56D, EV 96.9 MPH)
Batting: RHB Miguel Gonzalez 0-0: Ball
1-0: Foul Ball, location: 2F
1-1: Ball
2-1: Foul Ball, location: 2F
2-2: Ball
3-2: Fly out, F9 (Line Drive, 9, EV 88.8 MPH)
Batting: RHB Chris King 0-0: Ball
1-0: Called Strike
1-1: Ball
2-1: Fly out, F9 (Flyball, 9S, EV 88.1 MPH)
Bottom of the 6th over - 0 runs, 1 hit, 0 errors, 1 left on base; Chicago (WIN) 7 - San Francisco (WIN) 5
TOP OF THE 7TH
Chicago (WIN) White Sox batting - Pitching for San Francisco (WIN) Giants : RHP Josh Aronhalt
Pitching: LHP Matt Bagnall
Batting: RHB Paul Lloyd 0-0: Foul Ball, location: 2F
0-1: Ball
1-1: Ball
2-1: Swinging Strike
2-2: Strikes out looking
Batting: RHB Jose Medina 0-0: Foul Ball, location: 2F
0-1: Ball
1-1: Ball
2-1: Ball
3-1: Base on Balls
Batting: RHB Felix Torres 0-0: Ball
1-0: Swinging Strike
1-1: Foul Ball, location: 2F
1-2: Fly out, F8 (Flyball, 8LXD, EV 106.2 MPH)
Batting: LHB Alberto Carrasco 0-0: Foul Ball, location: 2F
0-1: Ball
1-1: Swinging Strike
1-2: Fly out, F9 (Flyball, 89D, EV 101.9 MPH)
Top of the 7th over - 0 runs, 0 hits, 0 errors, 1 left on base; Chicago (WIN) 7 - San Francisco (WIN) 5
BOTTOM OF THE 7TH
San Francisco (WIN) Giants batting - Pitching for Chicago (WIN) White Sox : RHP Yee Li
Batting: LHB Gabe Velez 0-0: Called Strike
0-1: Swinging Strike
0-2: Ball
1-2: Fly out, F8 (Flyball, 8LD, EV 104.4 MPH)
Batting: RHB Dave Crouch 0-0: Called Strike
0-1: Swinging Strike
0-2: Strikes out looking
Batting: LHB Al Hernandez 0-0: Ball
1-0: Ball
2-0: Ball
3-0: Base on Balls
Batting: LHB Josh Straub 0-0: Ball
1-0: Foul Ball, location: 2F
1-1: SINGLE (Groundball, 56S, EV 68.8 MPH) (infield hit)
Al Hernandez to second
Pinch Hitting: LHB Carey Horncole 0-0: Ball
Wild Pitch!
Al Hernandez to third
Josh Straub to second
1-0: Swinging Strike
1-1: Called Strike
1-2: Ball
2-2: SINGLE (Line Drive, 9LS, EV 90.0 MPH)
Al Hernandez scores
Josh Straub to third
Runner from 3rd tries for Home, throw by RF and OUT! 9-2
Bottom of the 7th over - 1 run, 2 hits, 0 errors, 1 left on base; Chicago (WIN) 7 - San Francisco (WIN) 6
TOP OF THE 8TH
Chicago (WIN) White Sox batting - Pitching for San Francisco (WIN) Giants : LHP Matt Bagnall
Now at 2B: Carey Horncole
Now at 3B: Miguel Gonzalez
Now at SS: Bill Defazio
Batting: RHB Mike Warzecha 0-0: Foul Ball, location: 2F
0-1: Ball
1-1: Ground out 6-3 (Groundball, 6M, EV 96.9 MPH)
Batting: LHB Wes Goscinski 0-0: Called Strike
0-1: Ball
1-1: Ball
2-1: Swinging Strike
2-2: Foul Ball, location: 2F
2-2: Strikes out swinging
Batting: LHB Brandon Hopper 0-0: Swinging Strike
0-1: Hit by Pitch
Batting: SHB In-sung Lee 0-0: Ball
1-0: Called Strike
1-1: Swinging Strike
1-2: Ball
2-2: Strikes out swinging
Top of the 8th over - 0 runs, 0 hits, 0 errors, 1 left on base; Chicago (WIN) 7 - San Francisco (WIN) 6
BOTTOM OF THE 8TH
San Francisco (WIN) Giants batting - Pitching for Chicago (WIN) White Sox : RHP Yee Li
Pitching: LHP Troy Salzer
Batting: RHB Bill Defazio 0-0: Ball
1-0: Called Strike
1-1: Called Strike
1-2: Strikes out swinging
Batting: LHB Tony Galvan 0-0: Called Strike
0-1: Ball
1-1: Ball
2-1: Swinging Strike
2-2: Strikes out swinging
Batting: RHB Miguel Gonzalez 0-0: SINGLE (Line Drive, 8LS, EV 100.6 MPH)
Batting: RHB Chris King 0-0: Called Strike
0-1: Swinging Strike
0-2: Ball
1-2: Strikes out swinging
Bottom of the 8th over - 0 runs, 1 hit, 0 errors, 1 left on base; Chicago (WIN) 7 - San Francisco (WIN) 6
TOP OF THE 9TH
Chicago (WIN) White Sox batting - Pitching for San Francisco (WIN) Giants : LHP Matt Bagnall
Pitching: RHP Takashi Kino
Batting: RHB Hector Padilla 0-0: Ball
1-0: Called Strike
1-1: Called Strike
1-2: Strikes out swinging
Batting: RHB Paul Lloyd 0-0: Swinging Strike
0-1: Fly out, F7 (Flyball, 7, EV 85.6 MPH)
Batting: RHB Jose Medina 0-0: Ball
1-0: Called Strike
1-1: Ball
2-1: Ball
3-1: Swinging Strike
3-2: Strikes out looking
Top of the 9th over - 0 runs, 0 hits, 0 errors, 0 left on base; Chicago (WIN) 7 - San Francisco (WIN) 6
BOTTOM OF THE 9TH
San Francisco (WIN) Giants batting - Pitching for Chicago (WIN) White Sox : LHP Troy Salzer
Pitching: RHP Michael McMurry
Batting: LHB Gabe Velez 0-0: Called Strike
0-1: Foul Ball, location: 2F
0-2: Ball
1-2: Fly out, F9 (Flyball, 89M, EV 93.1 MPH)
Batting: RHB Dave Crouch 0-0: Ball
1-0: Foul Ball, location: 2F
1-1: Ball
2-1: Foul Ball, location: 2F
2-2: SINGLE (Line Drive, 7S, EV 99.4 MPH)
Batting: LHB Al Hernandez 0-0: Foul Ball, location: 2F
0-1: Ball
1-1: Grounds into double play, U3-6 (Groundball, 3L, EV 83.1 MPH)
Bottom of the 9th over - 0 runs, 1 hit, 0 errors, 0 left on base; Chicago (WIN) 7 - San Francisco (WIN) 6
Wednesday, June 22nd , 2022 - OOTP Baseball 23.4 Build 64